 Dungeon Crawl Stone Soup version 0.23.2-1-ga50397a6bc (webtiles) character file.

Game seed: 16304961060683726483

87 Devam the Sneak (level 4, -1/29 HPs)
             Began as an Octopode Assassin on May 22, 2019.
             Slain by an orc wizard
             ... wielding a +0 dagger
              (2 damage)
             ... on level 3 of the Dungeon.
             The game lasted 00:04:04 (1244 turns).

Devam the Sneak (Octopode Assassin)                 Turns: 1244, Time: 00:04:05

Health: -1/29      AC:  1    Str: 17    XL:     4   Next: 51%
Magic:  4/4        EV: 18    Int: 13    God:
Gold:   71         SH:  0    Dex: 19    Spells: 3/3 levels left

rFire    . . .     SeeInvis .   a - +2 short sword (elec)
rCold    . . .     Gourm    .   (no shield)
rNeg     . . .     Faith    .   (helmet restricted)
rPois    .         Spirit   .   (no amulet)
rElec    .         Reflect  .   (no ring)
rCorr    .         Harm     .   (no ring)
MR       .....                  (no ring)
Stlth    ++++......             (no ring)
HPRegen  0.09/turn              (no ring)
MPRegen  0.09/turn              (no ring)
                                (no ring)
                                (no ring)

@: confused, mighty, agile, slowed, very slow
A: almost no armour, stealthy swim, amphibious, 8 rings, constrict 8, camouflage
1, strong 1, gelatinous body 1
a: no special abilities


You were on level 3 of the Dungeon.
You were not hungry.

You visited 1 branch of the dungeon, and saw 4 of its levels.

You collected 71 gold pieces.

Inventory:

Hand Weapons
 a - a +2 short sword of electrocution (weapon)
 b - a +0 blowgun
 k - a +2 dagger
Missiles
 c - 8 poisoned needles
 d - 2 curare-tipped needles
 m - 76 stones (quivered)
 n - 7 javelins
 o - 2 needles of sleeping
Scrolls
 g - 2 scrolls of remove curse {unknown}
 p - a scroll of identify {unknown}
 q - a scroll of enchant armour {unknown}
Potions
 h - a potion of mutation
 i - a potion of might
 l - a potion of heal wounds
Comestibles
 f - 3 rations
 j - 5 chunks of flesh


   Skills:
 - Level 2.0 Fighting
 + Level 3.5 Short Blades
 - Level 2.0 Throwing
 - Level 1.0 Dodging
 + Level 6.8 Stealth


You had 3 spell levels left.
You didn't know any spells.
Your spell library was empty.

Dungeon Overview and Level Annotations

Branches:
Dungeon (4/15)
 Temple: D:4-7

Altars:
Xom

Annotations:
D:3 Natasha


Innate Abilities, Weirdness & Mutations

You cannot wear most types of armour.
You are very stealthy in the water. (Stealth+)
You are amphibious.
You can wear up to eight rings at the same time.
You can use your tentacles to constrict eight enemies at once.
Your skin changes colour to match your surroundings (Stealth+).
Your rubbery body absorbs attacks. (AC +1, EV +1)
Your muscles are strong. (Str +2)


Message History

You are more confused.
The orc hits you from afar with a +0 trident.
You miss the leopard gecko. Your squeeze misses the leopard gecko.
The leopard gecko completely misses you.
Something completely misses you.
The orc hits you from afar with a +0 trident.
* * * LOW HITPOINT WARNING * * *
The leopard gecko closely misses you.
You're too confused!
You aren't carrying any items that you can evoke.
You bump into the rock wall.
Something hits you but does no damage. The leopard gecko barely misses you.
The orc barely misses you. The leopard gecko closely misses you.
Something hits you but does no damage.
You puncture the leopard gecko!
You kill the leopard gecko!
The orc misses you. Something hits you.
* * * LOW HITPOINT WARNING * * *
The orc completely misses you. Something hits you.
You die...

#.# #.### #.# #.#
#.# #.### #.#
#.... #.# #.###
#.#############.#
#...............##
#..###...÷.......#
#.@# #...........#
#†{#
#...........##
#.†#
##########....
#o.# ##### #..#
#.)# . #... ..
#.... #. #...r.


You could see an orc.

Vanquished Creatures
  An orc wizard (D:3)
  2 adders (D:2)
  An ooze (D:3)
  A worm (D:3)
  3 leopard geckos
  A ball python (D:1)
  3 goblins
  5 hobgoblins
  2 jackals (D:3)
  A quokka (D:2)
  4 bats
  A frilled lizard (D:1)
  3 kobolds
  2 rats
30 creatures vanquished.

Notes
Turn   | Place    | Note
-------+----------+-------------------------------------------
     0 | D:1      | Devam the Octopode Assassin began the quest for the Orb.
     0 | D:1      | Reached XP level 1. HP: 14/14 MP: 1/1
   276 | D:1      | Reached XP level 2. HP: 19/19 MP: 2/2
   731 | D:2      | Reached skill level 6 in Stealth
   731 | D:2      | Reached XP level 3. HP: 18/24 MP: 3/3
  1013 | D:2      | Found a shimmering altar of Xom.
  1039 | D:2      | You fall through a shaft for 2 floors!
  1126 | D:3      | Noticed a scorpion
  1161 | D:3      | Noticed Natasha
  1228 | D:3      | Reached XP level 4. HP: 25/29 MP: 4/4
  1239 | D:3      | Gained mutation: You are dopey. (Int -2) [potion of
                  | mutation]
  1239 | D:3      | Lost mutation: You are dopey. (Int -2) [potion of mutation]
  1239 | D:3      | Gained mutation: Your muscles are strong. (Str +2) [potion
                  | of mutation]
  1243 | D:3      | HP: 1/29 [something (4)]
  1244 | D:3      | Slain by an orc wizard

Skill      XL: |  1  2  3 |
---------------+----------+-----
Stealth        | 6 |  6.8
Short Blades   | 3 |  3.5
Fighting       | |  2.0
Throwing       | |  2.0
Dodging        | |  1.0

Action                   |  1- 3 |  4- 6 || total
-------------------------+-------+-------++-------
Melee: Dagger            |     7 |       ||     7
       Short sword       |    34 |     6 ||    40
       Constrict         |     9 |     2 ||    11
       Tentacles         |     7 |     1 ||     8
Throw: Stone             |     1 |       ||     1
  Use: Potion            |       |     4 ||     4
 Stab: Sleeping          |     6 |       ||     6
  Eat: Chunk             |     1 |       ||     1
Armor: Skin              |     5 |     1 ||     6
Dodge: Dodged            |    24 |    16 ||    40
